 Dungeon Crawl Stone Soup version 0.30-a0-385-gfebfb9b408 (webtiles) character file.

Game seed: 8906462283081827737

177 qeuew the Purveyor of Pain (level 5, -2/35 HPs)
             Began as a Demonspawn Necromancer on Dec 2, 2022.
             Was an Initiate of Kikubaaqudgha.
             Slain by a hound (4 damage)
             ... on level 4 of the Dungeon.
             The game lasted 00:05:04 (2711 turns).

qeuew the Purveyor of Pain (Demonspawn Necromancer) Turns: 2711, Time: 00:05:06

Health: -2/35      AC:  4    Str: 11    XL:     5   Next: 30%
Magic:  3/9        EV: 12    Int: 16    God:    Kikubaaqudgha [......]
Gold:   142        SH:  0    Dex: 13    Spells: 6/10 levels left

rFire   . . .      SeeInvis .    c - +0 spear
rCold   . . .      Faith    .    (no shield)
rNeg    . . .      Spirit   .    a - +0 robe
rPois   .          Reflect  .    (no helmet)
rElec   .          Harm     .    k - +1 cloak {rCorr}
rCorr   +          Rampage  .    (no gloves)
Will    .....                    (no boots)
Stlth   ++........               (no amulet)
HPRegen 0.25/turn                (no ring)
MPRegen 0.11/turn                (no ring)

@: invisible
A: demonic guardian 2, foul stench 1
a: Renounce Religion


You were on level 4 of the Dungeon.
You worshipped Kikubaaqudgha.
Kikubaaqudgha was noncommittal.
You visited 1 branch of the dungeon, and saw 4 of its levels.

You collected 142 gold pieces.

Inventory:

Hand Weapons
 c - a +0 spear (weapon)
Armour
 a - a +0 robe (worn)
 d - a +0 leather armour
 k - a +1 cloak of preservation (worn)
Wands
 j - a wand of roots (10)
Scrolls
 e - a scroll of teleportation
Potions
 f - a potion of invisibility
 g - a potion of flight


   Skills:
 + Level 1.0 Polearms
 + Level 1.2 Armour
 + Level 2.6 Dodging
 + Level 2.5 Stealth
 * Level 3.1 Spellcasting
 + Level 5.0 Necromancy
 + Level 0.6 Evocations


You had 6 spell levels left.
You knew the following spells:

 Your Spells              Type           Power      Damage    Failure   Level
a - Necrotise             Necr           72%        1d7       2%          1
b - Vampiric Draining     Necr           18%        2d7       7%          3

Your spell library contained the following spells:

 Spells                   Type           Power      Damage    Failure   Level
 Animate Dead             Necr           18%        N/A       22%         4
 Agony                    Necr           18%        N/A       54%         5
 Olgreb's Toxic Radiance  Pois           2%         N/A       88%         4
 Ozocubu's Refrigeration  Ice            1%         4d7       100%        7
 Ignition                 Fire           1%         3d3       100%        8


Dungeon Overview and Level Annotations

Branches:
Dungeon (4/15)
 Temple: D:4-7

Altars:
Kikubaaqudgha
Sif Muna
Uskayaw


Innate Abilities, Weirdness & Mutations

A demonic guardian rushes to your aid.
You may rarely emit foul miasma when damaged in melee.


Message History

You fade into invisibility!
The hound is engulfed in dark miasma.
The hound looks even sicker.
The hound bites you.
* * * LOW HITPOINT WARNING * * *
The quokka bites you.
* * * LOW HITPOINT WARNING * * *
The hound is engulfed in dark miasma.
The hound looks as sick as possible!
The hound bites you but does no damage. The orc priest closely misses you.
Your rust devil hits the quokka.
Your rust devil corrodes the quokka!
Unknown command.
The hound is engulfed in dark miasma.
The hound looks as sick as possible!
The hound seems to slow down.
The quokka closely misses your rust devil.
Your rust devil closely misses the quokka.
Aiming: Necrotise (safe; 2% risk of failure)
Press: ? - help, Q - select action, (/) - cycle Shift-Dir - straight line, f/p - orc priest
Aim: an orc priest, wielding a +0 war axe and wearing a +0 scale mail (moderately wounded, unable to see you, chance to affect: 76%)
The hound writhes in agony.
The hound is no longer moving slowly.
The quokka closely misses your rust devil.
The hound closely misses you.
The quokka barely misses your rust devil.
Your rust devil hits the quokka.
The quokka seems to be corroded for longer.
Aiming: Necrotise (safe; 2% risk of failure)
Press: ? - help, Q - select action, (/) - cycle Shift-Dir - straight line, f/p - orc priest
Aim: an orc priest, wielding a +0 war axe and wearing a +0 scale mail (moderately wounded, unable to see you, chance to affect: 76%)
The hound barely resists.
The hound bites you.
* * * LOW HITPOINT WARNING * * *
The hound misses you.
The quokka twitches its whiskers.
The quokka bites your rust devil but does no damage.
Your rust devil completely misses the quokka.
Aiming: Necrotise (safe; 2% risk of failure)
Press: ? - help, Q - select action, (/) - cycle Shift-Dir - straight line, p - orc priest The hound writhes in agony.
The hound bites you.
You die...
Kikubaaqudgha rasps: "You have failed me!
Welcome... death!"

.................. .
##?.........#...# .#
#..............###.##
.#......<.........
###...#...#....##
###....##......... #
#......#......## ##..
..........##.....# .....
###....$....[##.@##......
#)........##...h.)#
#.[....#......ro○##
#.....##......4...#
#..........$......##
.......#..........#
.###..##..........
............
............)


You could see a hound (extremely poisoned), an orc priest (unable to see you), a
quokka (unable to see you, corroded, ally target) and a friendly rust devil
(summoned).

Vanquished Creatures
  An orc priest (D:4)
  Crazy Yiuf (D:3)
  2 iguanas (D:4)
  An adder (D:3)
  A worm (D:3)
  2 dart slugs (D:1)
  An orc (D:4)
  2 ball pythons
  2 bats
  6 endoplasms
  A giant cockroach (D:3)
  4 goblins
  3 hobgoblins
  2 jackals (D:3)
  A quokka (D:2)
  6 frilled lizards
  2 kobolds (D:1)
  9 rats
47 creatures vanquished.

Vanquished Creatures (collateral kills)
  A worm (D:2)
  A dart slug (D:4)
  A goblin (D:3)
3 creatures vanquished.

Grand Total: 50 creatures vanquished

Notes
Turn   | Place    | Note
-------+----------+-------------------------------------------
     0 | D:1      | qeuew the Demonspawn Necromancer began the quest for the
                  | Orb.
     0 | D:1      | Reached XP level 1. HP: 13/13 MP: 3/3
   252 | D:1      | Gained mutation: A weak demonic guardian rushes to your
                  | aid. [demonic ancestry]
   252 | D:1      | Reached XP level 2. HP: 13/19 MP: 1/5
   865 | D:1      | Found a hide-covered altar of Uskayaw.
  1297 | D:2      | Reached XP level 3. HP: 12/24 MP: 0/6
  1781 | D:3      | Learned a level 3 spell: Vampiric Draining
  2029 | D:3      | Found a faded altar of an unknown god.
  2321 | D:3      | Found a shimmering blue altar of Sif Muna.
  2321 | D:3      | Found a faded altar of an unknown god.
  2329 | D:3      | Found a faded altar of an unknown god.
  2337 | D:3      | Found an ancient bone altar of Kikubaaqudgha.
  2354 | D:3      | Became a worshipper of Kikubaaqudgha
  2521 | D:3      | Found a runed translucent door.
  2522 | D:3      | Noticed Crazy Yiuf
  2529 | D:3      | Killed Crazy Yiuf
  2530 | D:3      | Gained mutation: A demonic guardian rushes to your aid.
                  | [demonic ancestry]
  2530 | D:3      | Reached XP level 4. HP: 19/30 MP: 2/8
  2587 | D:4      | Reached skill level 1 in Armour
  2595 | D:4      | Gained mutation: You may rarely emit foul miasma when
                  | damaged in melee. [demonic ancestry]
  2595 | D:4      | Reached XP level 5. HP: 22/35 MP: 0/9
  2701 | D:4      | Reached skill level 1 in Polearms
  2701 | D:4      | Reached skill level 5 in Necromancy
  2711 | D:4      | Slain by a hound

Illustrated notes

Levels and vault maps discovered:
D:1:      sevenhm_arrival_forest_fort_small_6, layout_basic
D:2:      layout_basic
D:3:      layout_rooms, chequers_temple_overflow_minitemple,
          chequers_ecumenical_altar_simple, uniq_crazy_yiuf_cottage
D:4:      layout_cave_pools, kennysheep_mini, minmay_temple_entry_offerings,
          dk_noncrumbling_3, uniq_sigmund

Skill      XL: |  1  2  3  4  5 |
---------------+----------------+-----
Dodging        | 2 |  2.6
Stealth        | 2 |  2.5
Armour         | 1 |  1.2
Spellcasting   | 3 |  3.1
Polearms       | 1 |  1.0
Necromancy     | 5 |  5.0
Evocations     | |  0.6

Action                   |  1- 3 |  4- 6 || total
-------------------------+-------+-------++-------
Melee: Unarmed           |     2 |       ||     2
       Spear             |     1 |     4 ||     5
 Cast: Necrotise         |    80 |    26 ||   106
  Use: Scroll            |     6 |     3 ||     9
       Potion            |     2 |     2 ||     4
Armor: Robe              |     4 |     8 ||    12
Dodge: Dodged            |     5 |    21 ||    26

Table legend: (Time is in decaauts)
 A = Elapsed time spent in this place.
 B = Non-inter-level travel time spent in this place.
 C = Inter-level travel time spent in this place.
 D = Time resting spent in this place.
 E = Time spent auto-exploring this place.
 F = Levels seen in this place.
 G = Mean time per level.
                   A        B        C        D        E       F      G
               +--------+--------+--------+--------+--------+-----+--------+
         Total |   2710 |   2596 |    114 |     32 |   2285 |   4 |  677.5 |
       Dungeon |   2710 |   2596 |    114 |     32 |   2285 |   4 |  677.5 |
               +--------+--------+--------+--------+--------+-----+--------+

Top non-repeatable levels by time:
     D:1: 1008 daAuts
     D:3: 853 daAuts
     D:2: 718 daAuts
     D:4: 130 daAuts
